 Dungeon Crawl Stone Soup version 0.29.1-15-g9cfb28693d (webtiles) character file.

Game seed: 11102865160207829582

203 protoss039 the Digger (level 5, -4/39 HPs)
             Began as a Demonspawn Earth Elementalist on Feb 27, 2023.
             Killed by divine providence
             ... invoked by an orc priest
              (11 damage)
             ... on level 4 of the Dungeon.
             The game lasted 00:03:45 (3701 turns).

protoss039 the Digger (DsEE)                        Turns: 3701, Time: 00:03:45

Health: -4/39      AC:  3    Str:  9    XL:     5   Next: 51%
Magic:  0/9        EV: 12    Int: 24    God:
Gold:   172        SH:  9    Dex: 13    Spells: 2/10 levels left

rFire   . . .      SeeInvis +   e - +0 short sword
rCold   . . .      Faith    .   (no shield)
rNeg    . . .      Spirit   .   a - +0 robe
rPois   .          Reflect  +   r - +0 helmet
rElec   .          Harm     .   (no cloak)
rCorr   .          Rampage  .   (no gloves)
Will    .....                   (no boots)
Stlth   ++........              t - amulet of reflection
HPRegen 0.13/turn               g - +6 ring of intelligence
MPRegen 0.11/turn               q - ring of see invisible

@: no status effects
A: hooves 1, demonic guardian 1, condensation shield
a: no special abilities


You were on level 4 of the Dungeon.
You visited 1 branch of the dungeon, and saw 4 of its levels.

You collected 172 gold pieces.

Inventory:

Hand Weapons
 e - a +0 short sword (weapon)
Missiles
 x - 2 throwing nets
Armour
 a - a +0 robe (worn)
 r - a +0 helmet (worn)
Magical Staves
 k - a staff of earth
Jewellery
 g - a +6 ring of intelligence (left hand)
 q - a ring of see invisible (right hand)
 t - an amulet of reflection (around neck)
Wands
 z - a wand of light (2)
Scrolls
 c - a scroll of blinking {unknown}
 f - a scroll of vulnerability {unknown}
 h - 2 scrolls of amnesia {unknown}
 i - 2 scrolls of teleportation {unknown}
 j - 3 scrolls of identify {unknown}
 l - 4 scrolls of butterflies
 m - 2 scrolls of brand weapon {unknown}
 s - a scroll of fear {unknown}
 y - a scroll of torment {unknown}
Potions
 b - 2 potions of magic
 d - 3 potions of might {unknown}
 n - a potion of mutation {unknown}
 o - 2 potions of attraction {unknown}
 p - 2 potions of curing {unknown}
 u - 2 potions of lignification {unknown}
 v - a potion of berserk rage {unknown}


   Skills:
 + Level 2.6 Fighting
 - Level 1.7 Dodging
 - Level 1.7 Stealth
 + Level 3.2 Spellcasting
 + Level 1.9 Conjurations
 - Level 0.8 Transmutations
 + Level 3.8 Earth Magic


You had 2 spell levels left.
You knew the following spells:

 Your Spells              Type           Power      Damage    Failure   Level
a - Sandblast             Erth           44%        2d11      2%          1
b - Passwall              Tmut/Erth      12%        N/A       6%          2
c - Stone Arrow           Conj/Erth      34%        3d9       10%         3
d - Wereblood             Tmut           7%         N/A       12%         2

Your spell library contained the following spells:

 Spells                   Type           Power      Damage    Failure   Level
 Beastly Appendage        Tmut           14%        N/A       8%          1
 Spider Form              Tmut/Pois      5%         N/A       26%         3
 Call Canine Familiar     Summ           3%         N/A       32%         3
 Portal Projectile        Hex/Tloc       6%         N/A       32%         3
 Petrify                  Tmut/Erth      15%        N/A       38%         4
 Leda's Liquefaction      Hex/Erth       6%         N/A       43%         4


Dungeon Overview and Level Annotations

Branches:
Dungeon (4/15) Zot: 20258
 Temple: D:4-7

Altars:

Shops:
D:1 [


Innate Abilities, Weirdness & Mutations

You have large cloven feet.
A weak demonic guardian rushes to your aid.
A meltable shield of frost defends you. (SH +4)


Message History

Aim: an orc priest, wielding a +0 war axe and wearing a +0 scale mail (85% to hit)
The blast of sand misses the orc priest.
Unknown command.
Casting: Sandblast (safe; 2% risk of failure)
Confirm with . or Enter, or press ? or * to list all spells.
Aiming: Sandblast (safe; 2% risk of failure)
Press: ? - help, Shift-Dir - straight line, f/p - orc priest
Aim: an orc priest, wielding a +0 war axe and wearing a +0 scale mail (85% to hit)
The blast of sand misses the orc priest.
You block the adder's attack. The orc priest barely misses you.
The adder bites you.
The orc priest calls down the wrath of Beogh upon you.
Pain shoots through your body!
A demonic guardian appears!
Unknown command.
The orc priest attacks as you move away!
The orc priest hits you with a +0 war axe.
* * * LOW HITPOINT WARNING * * *
The adder barely misses you.
Unknown command.
Unknown command.
The adder attacks as you move away! The adder bites you.
* * * LOW HITPOINT WARNING * * *
The adder bites your iron imp.
The orc priest barely misses your iron imp.
Unknown command.
Unknown command.
The adder bites your iron imp but does no damage.
Your iron imp hits the orc priest.
The orc priest barely misses your iron imp.
Unknown command.
Unknown command.
The adder closely misses your iron imp.
Your iron imp barely misses the orc priest.
The adder bites your iron imp but does no damage.
The orc priest barely misses your iron imp.
Unknown command.
Your iron imp closely misses the orc priest.
The orc priest invokes the aid of Beogh against you.
Beogh smites you!
You die...

######### ........ . ......#
######## .. ......###......#
######... ......##......<#
#........
...............######....)...
#.####.........##...S.)......
#.# #".........@...5o.##...#
#.####........###..##.## #
≈...####..##+####..##.###.
#....# #..... #...........
#....+ .#.....###.....###
#....##. .##..###.###.#
.....#.# .............#
##...#.# .....#.#.###.#
#..)...####.....#'###.###


You could see an orc priest (ally target), an adder and a friendly iron imp
(summoned).

Vanquished Creatures
  An orc priest (D:4)
  5 gnolls
  4 adders
  2 worms
  2 dart slugs
  4 orcs
  3 ball pythons
  4 bats
  3 endoplasms
  A giant cockroach (D:4)
  9 hobgoblins
  3 jackals (D:2)
  2 kobolds (D:1)
  A quokka (D:1)
  2 frilled lizards
  12 goblins
  7 rats
65 creatures vanquished.

Vanquished Creatures (collateral kills)
  Robin (D:2)
1 creature vanquished.

Grand Total: 66 creatures vanquished

Notes
Turn   | Place    | Note
-------+----------+-------------------------------------------
     0 | D:1      | protoss039 the Demonspawn Earth Elementalist began the
                  | quest for the Orb.
     0 | D:1      | Reached XP level 1. HP: 13/13 MP: 3/3
    99 | D:1      | Found a faded altar of an unknown god.
   267 | D:1      | Gained mutation: You have large cloven feet. [demonic
                  | ancestry]
   267 | D:1      | Reached XP level 2. HP: 20/20 MP: 1/5
   373 | D:1      | Found Vuphiah's Armour Shoppe.
   459 | D:1      | Reached skill level 1 in Fighting
   834 | D:1      | Gained mutation: A weak demonic guardian rushes to your
                  | aid. [demonic ancestry]
   834 | D:1      | Reached XP level 3. HP: 26/26 MP: 4/6
  1431 | D:1      | Learned a level 2 spell: Passwall
  1435 | D:1      | Learned a level 3 spell: Stone Arrow
  1953 | D:2      | Reached XP level 4. HP: 33/33 MP: 6/8
  2010 | D:2      | Noticed Robin
  2014 | D:2      | Killed Robin
  2015 | D:2      | Reached skill level 1 in Conjurations
  2612 | D:2      | Learned a level 2 spell: Wereblood
  3079 | D:3      | Gained mutation: A meltable shield of frost defends you.
                  | (SH +4) [demonic ancestry]
  3079 | D:3      | Reached XP level 5. HP: 19/38 MP: 3/9
  3701 | D:4      | Killed from afar by an orc priest

Illustrated notes

Levels and vault maps discovered:
D:1:      giann_forest_graveyard, layout_basic,
          hellmonk_ecumenical_altar_blasted, serial_shops, shop,
          minmay_heptomino_h4
D:2:      layout_basic, uniq_robin, uniq_crazy_yiuf_cottage
D:3:      layout_loops_ring
D:4:      layout_basic, mainiacjoe_overflow_surrounded_room,
          mainiacjoe_overflow_boulevard, grunt_decor_cap

Skill      XL: |  1  2  3  4 |
---------------+-------------+-----
Fighting       | 1 2 |  2.6
Earth Magic    | 3 |  3.8
Conjurations   | 1 |  1.9
Spellcasting   | 3 |  3.2
Dodging        | |  1.7
Stealth        | |  1.7
Transmutations | |  0.8

Action                   |  1- 3 |  4- 6 || total
-------------------------+-------+-------++-------
Melee: Unarmed           |     8 |       ||     8
       Short sword       |    18 |    36 ||    54
       Kick              |     1 |     8 ||     9
       Punch             |     1 |     1 ||     2
 Cast: Sandblast         |    39 |    33 ||    72
       Stone Arrow       |       |     4 ||     4
  Use: Scroll            |       |     1 ||     1
 Stab: Sleeping          |     2 |     3 ||     5
Armor: Robe              |     6 |     4 ||    10
Dodge: Dodged            |    33 |    24 ||    57
Block: Other             |       |     8 ||     8
